TOP OF THE 1ST |
Montgomery Grey Sox batting - Pitching for Savannah Hogs : RHP Juan Baca
|
Pitching: RHP Juan Baca
|
|
Batting: LHB Aaron Thompson
|
0-0: Ball 1-0: Foul Ball, location: 2F 1-1: Ball 2-1: Called Strike 2-2: Ball 3-2: Strikes out swinging
|
Batting: LHB Amlak Saitoti
|
0-0: Ground out U3 (Groundball, 3)
|
Batting: RHB Fred Moulds
|
0-0: SINGLE (Flyball, 9S)
|
Batting: LHB Robinson López
|
0-0: Ball 1-0: Ball 2-0: Ball 3-0: Base on Balls Fred Moulds to second
|
Batting: LHB Francisco Romo
|
0-0: Ball 1-0: Ground out U3 (Groundball, 34)
|
Top of the 1st over - 0 run(s), 1 hit(s), 0 error(s), 2 left on base; Montgomery 0 - Savannah 0 |
BOTTOM OF THE 1ST |
Savannah Hogs batting - Pitching for Montgomery Grey Sox : LHP Raúl Coranillo
|
Pitching: LHP Raúl Coranillo
|
|
Batting: RHB Ramón Gómez
|
0-0: Called Strike 0-1: Ball 1-1: Foul Ball, location: 2F 1-2: Strikes out swinging
|
Batting: RHB Jorge Chávez
|
0-0: Ball 1-0: Ball 2-0: Foul Ball, location: 2F 2-1: Foul Ball, location: 2F 2-2: Ball 3-2: Strikes out swinging
|
Batting: RHB Henry Haines
|
0-0: Ball 1-0: SINGLE (Flyball, 9LS)
|
Batting: SHB Juan Soriano
|
0-0: Fly out, F1 (Popup, 15)
|
Bottom of the 1st over - 0 run(s), 1 hit(s), 0 error(s), 1 left on base; Montgomery 0 - Savannah 0 |
TOP OF THE 2ND |
Montgomery Grey Sox batting - Pitching for Savannah Hogs : RHP Juan Baca
|
Batting: RHB Marvin Kidd
|
0-0: Ball 1-0: Ball 2-0: Ball 3-0: Called Strike 3-1: Ground out 6-3 (Groundball, 6)
|
Batting: SHB Randy Anderson
|
0-0: Ball 1-0: Ball 2-0: Fly out, F8 (Flyball, 8LM)
|
Batting: SHB Rob Lowe
|
0-0: Fly out, F7 (Flyball, 78M)
|
Top of the 2nd over - 0 run(s), 0 hit(s), 0 error(s), 0 left on base; Montgomery 0 - Savannah 0 |
BOTTOM OF THE 2ND |
Savannah Hogs batting - Pitching for Montgomery Grey Sox : LHP Raúl Coranillo
|
Batting: LHB Juan Vásquez
|
0-0: Ball 1-0: Ball 2-0: Swinging Strike 2-1: Foul Ball, location: 2F 2-2: Ball 3-2: Strikes out looking
|
Batting: SHB Juan Chávez
|
0-0: Ball 1-0: Called Strike 1-1: Ball 2-1: Foul Ball, location: 2F 2-2: Ball 3-2: Foul Ball, location: 2F 3-2: Base on Balls
|
Batting: RHB Luis González
|
0-0: Ball Juan Chávez steals 2nd base 1-0: Foul Ball, location: 2F 1-1: Called Strike 1-2: Foul Ball, location: 2F 1-2: Ball 2-2: Fly out, F9 (Flyball, 9LSF)
|
Batting: LHB Seth Sullivan
|
0-0: Ball 1-0: Foul Ball, location: 2F 1-1: Foul Ball, location: 2F 1-2: Foul Ball, location: 2F 1-2: Strikes out swinging
|
Bottom of the 2nd over - 0 run(s), 0 hit(s), 0 error(s), 1 left on base; Montgomery 0 - Savannah 0 |
TOP OF THE 3RD |
Montgomery Grey Sox batting - Pitching for Savannah Hogs : RHP Juan Baca
|
Batting: RHB Jon Bush
|
0-0: Ball 1-0: Foul Ball, location: 2F 1-1: Ball 2-1: Foul Ball, location: 2F 2-2: Ball 3-2: Foul Ball, location: 2F 3-2: Foul Ball, location: 2F 3-2: Strikes out swinging
|
Batting: LHB Aaron Thompson
|
0-0: Called Strike 0-1: Foul Ball, location: 2F 0-2: Ball 1-2: Ground out 6-3 (Groundball, 6)
|
Batting: LHB Amlak Saitoti
|
0-0: Called Strike 0-1: Foul Ball, location: 2F 0-2: Foul Ball, location: 2F 0-2: Foul Ball, location: 2F 0-2: Foul Ball, location: 2F 0-2: Ball 1-2: Foul Ball, location: 2F 1-2: SINGLE (Line Drive, 4)
|
Batting: RHB Fred Moulds
|
0-0: Foul Ball, location: 2F 0-1: Foul Ball, location: 2F 0-2: Ball 1-2: Strikes out swinging
|
Top of the 3rd over - 0 run(s), 1 hit(s), 0 error(s), 1 left on base; Montgomery 0 - Savannah 0 |
BOTTOM OF THE 3RD |
Savannah Hogs batting - Pitching for Montgomery Grey Sox : LHP Raúl Coranillo
|
Batting: RHB Guillermo González
|
0-0: Called Strike 0-1: Foul Ball, location: 2F 0-2: Ground out 4-3 (Groundball, 4)
|
Batting: RHB Ramón Gómez
|
0-0: Reaches on Catchers interference
|
Batting: RHB Jorge Chávez
|
0-0: Ball Ramón Gómez is caught stealing 2nd base 1-0: Foul Ball, location: 2F 1-1: SINGLE (Groundball, 34D)
|
Batting: RHB Henry Haines
|
Balk! Jorge Chávez to second 0-0: Ball 1-0: Called Strike 1-1: Foul Ball, location: 2F 1-2: Foul Ball, location: 2F 1-2: Ball 2-2: Ball 3-2: Fly out, F9 (Flyball, 9LS)
|
Bottom of the 3rd over - 0 run(s), 1 hit(s), 1 error(s), 1 left on base; Montgomery 0 - Savannah 0 |
TOP OF THE 4TH |
Montgomery Grey Sox batting - Pitching for Savannah Hogs : RHP Juan Baca
|
Batting: LHB Robinson López
|
0-0: Ball 1-0: Ball 2-0: Foul Ball, location: 2F 2-1: Swinging Strike 2-2: Ball 3-2: Base on Balls
|
Batting: LHB Francisco Romo
|
0-0: Called Strike 0-1: Ball 1-1: Called Strike 1-2: Fly out, F8 (Flyball, 8LS)
|
Batting: RHB Marvin Kidd
|
0-0: Ball 1-0: Ball 2-0: Called Strike 2-1: Swinging Strike 2-2: Ball 3-2: Base on Balls Robinson López to second
|
Batting: SHB Randy Anderson
|
0-0: Ball 1-0: Ball 2-0: Ball 3-0: Called Strike 3-1: Called Strike 3-2: Strikes out swinging
|
Batting: SHB Rob Lowe
|
0-0: Ball 1-0: Called Strike 1-1: Ball 2-1: Foul Ball, location: 2F 2-2: Strikes out looking
|
Top of the 4th over - 0 run(s), 0 hit(s), 0 error(s), 2 left on base; Montgomery 0 - Savannah 0 |
BOTTOM OF THE 4TH |
Savannah Hogs batting - Pitching for Montgomery Grey Sox : LHP Raúl Coranillo
|
Batting: SHB Juan Soriano
|
0-0: Ball 1-0: SINGLE (Line Drive, 9S)
|
Batting: LHB Juan Vásquez
|
0-0: Ball 1-0: Called Strike 1-1: Called Strike 1-2: Foul Ball, location: 2F 1-2: Strikes out swinging
|
Batting: SHB Juan Chávez
|
0-0: Foul Ball, location: 2F 0-1: Called Strike 0-2: Ball 1-2: Ball 2-2: Strikes out swinging
|
Batting: RHB Luis González
|
0-0: Called Strike 0-1: Ball 1-1: Called Strike 1-2: Ball 2-2: Ball 3-2: Ground out 6-3 (Groundball, 6)
|
Bottom of the 4th over - 0 run(s), 1 hit(s), 0 error(s), 1 left on base; Montgomery 0 - Savannah 0 |
TOP OF THE 5TH |
Montgomery Grey Sox batting - Pitching for Savannah Hogs : RHP Juan Baca
|
Batting: RHB Jon Bush
|
0-0: Swinging Strike 0-1: Ball 1-1: Fly out, F7 (Flyball, 7)
|
Batting: LHB Aaron Thompson
|
0-0: Foul Ball, location: 2F 0-1: Ball 1-1: Ball 2-1: Ball 3-1: Called Strike 3-2: Strikes out swinging
|
Batting: LHB Amlak Saitoti
|
0-0: Foul Ball, location: 2F 0-1: SINGLE (Groundball, 4MD)
|
Pitching: RHP Kelly Woodside
|
|
Batting: RHB Fred Moulds
|
0-0: Ball 1-0: Foul Ball, location: 2F 1-1: Ball 2-1: Fielders Choice at 2nd, 6-4 (Groundball, 56)
|
Top of the 5th over - 0 run(s), 1 hit(s), 0 error(s), 0 left on base; Montgomery 0 - Savannah 0 |
BOTTOM OF THE 5TH |
Savannah Hogs batting - Pitching for Montgomery Grey Sox : LHP Raúl Coranillo
|
Batting: LHB Seth Sullivan
|
0-0: Ball 1-0: Swinging Strike 1-1: Ball 2-1: SINGLE (Flyball, 8LS)
|
Batting: RHB Guillermo González
|
0-0: SINGLE (Line Drive, 7S) Seth Sullivan to second
|
Batting: RHB Ramón Gómez
|
0-0: Called Strike 0-1: Ball 1-1: Fly out, F9 (Flyball, 9S)
|
Batting: RHB Jorge Chávez
|
0-0: Ball 1-0: Fielders Choice at 3rd, U5 (Groundball, 5L) Guillermo González to second
|
Batting: RHB Henry Haines
|
0-0: Ball 1-0: Ball 2-0: Ball 3-0: Base on Balls Guillermo González to third Jorge Chávez to second
|
Pitching: LHP Mike Waller
|
|
Batting: SHB Juan Soriano
|
0-0: Called Strike 0-1: GRAND SLAM HOME RUN (Flyball, 9D), Distance : 369 ft
|
Batting: LHB Juan Vásquez
|
0-0: Ball 1-0: Ball 2-0: Ball 3-0: Base on Balls
|
Batting: SHB Juan Chávez
|
0-0: Swinging Strike 0-1: Ball 1-1: Fly out, F8 (Flyball, 8LM)
|
Bottom of the 5th over - 4 run(s), 3 hit(s), 0 error(s), 1 left on base; Montgomery 0 - Savannah 4 |
TOP OF THE 6TH |
Montgomery Grey Sox batting - Pitching for Savannah Hogs : RHP Kelly Woodside
|
Batting: LHB Robinson López
|
0-0: Ball 1-0: Called Strike 1-1: Foul Ball, location: 2F 1-2: Ball 2-2: Foul Ball, location: 2F 2-2: Ground out 1-3 (Groundball, 13)
|
Batting: LHB Francisco Romo
|
0-0: Called Strike 0-1: Foul Ball, location: 2F 0-2: Ball 1-2: Ball 2-2: Ball 3-2: Foul Ball, location: 2F 3-2: Ground out U3 (Groundball, 34)
|
Batting: RHB Marvin Kidd
|
0-0: Foul Ball, location: 2F 0-1: Ball 1-1: Foul Ball, location: 2F 1-2: Strikes out swinging
|
Top of the 6th over - 0 run(s), 0 hit(s), 0 error(s), 0 left on base; Montgomery 0 - Savannah 4 |
BOTTOM OF THE 6TH |
Savannah Hogs batting - Pitching for Montgomery Grey Sox : LHP Mike Waller
|
Batting: RHB Luis González
|
0-0: Fly out, F7 (Flyball, 7)
|
Batting: LHB Seth Sullivan
|
0-0: Ball 1-0: Ball 2-0: Called Strike 2-1: Foul Ball, location: 2F 2-2: Ball 3-2: Ground out 4-3 (Groundball, 4)
|
Batting: RHB Guillermo González
|
0-0: Swinging Strike 0-1: Ball 1-1: Ground out 1-3 (Groundball, 15S)
|
Bottom of the 6th over - 0 run(s), 0 hit(s), 0 error(s), 0 left on base; Montgomery 0 - Savannah 4 |
TOP OF THE 7TH |
Montgomery Grey Sox batting - Pitching for Savannah Hogs : RHP Kelly Woodside
|
Batting: SHB Randy Anderson
|
0-0: Ball 1-0: Ball 2-0: Ball 3-0: Base on Balls
|
Batting: SHB Rob Lowe
|
0-0: Called Strike 0-1: Swinging Strike 0-2: Ball 1-2: Strikes out swinging
|
Batting: RHB Jon Bush
|
0-0: Called Strike 0-1: SINGLE (Line Drive, 8LS) Randy Anderson to second
|
Batting: LHB Aaron Thompson
|
0-0: Called Strike 0-1: Ball 1-1: Foul Ball, location: 2F 1-2: Ball 2-2: Ball 3-2: Foul Ball, location: 2F 3-2: Foul Ball, location: 2F 3-2: Foul Ball, location: 2F 3-2: Foul Ball, location: 2F 3-2: Strikes out swinging
|
Batting: LHB Amlak Saitoti
|
0-0: Ball 1-0: Called Strike 1-1: Called Strike 1-2: Ball 2-2: Ball 3-2: Foul Ball, location: 2F 3-2: Foul Ball, location: 2F 3-2: SINGLE (Line Drive, 3S) Randy Anderson to third Jon Bush to second Randy Anderson scores Jon Bush to third
|
Pitching: LHP Manuel Guel
|
|
Batting: RHB Fred Moulds
|
0-0: Fielders Choice at 2nd, 5-4 (Groundball, 56D)
|
Top of the 7th over - 1 run(s), 2 hit(s), 0 error(s), 1 left on base; Montgomery 1 - Savannah 4 |
BOTTOM OF THE 7TH |
Savannah Hogs batting - Pitching for Montgomery Grey Sox : LHP Mike Waller
|
Batting: RHB Ramón Gómez
|
0-0: Ball 1-0: Ground out 6-3 (Groundball, 6M)
|
Batting: RHB Jorge Chávez
|
0-0: Ball 1-0: Ball 2-0: Called Strike 2-1: Foul Ball, location: 2F 2-2: SINGLE (Groundball, 34D)
|
Batting: RHB Henry Haines
|
0-0: Ball 1-0: Ball 2-0: Called Strike 2-1: Swinging Strike 2-2: Hit by Pitch Jorge Chávez to second
|
Batting: SHB Juan Soriano
|
0-0: Ball 1-0: Fly out, F9 (Flyball, 9S)
|
Pitching: LHP Pete Shirley
|
|
Batting: LHB Juan Vásquez
|
0-0: Ball 1-0: Fly out, F7 (Flyball, 7)
|
Bottom of the 7th over - 0 run(s), 1 hit(s), 0 error(s), 2 left on base; Montgomery 1 - Savannah 4 |
TOP OF THE 8TH |
Montgomery Grey Sox batting - Pitching for Savannah Hogs : LHP Manuel Guel
|
Now at 1B: Ernesto Gómez
|
|
Now in LF: Pedro Sandoval
|
|
Now in RF: Felipe Franco
|
|
Batting: LHB Robinson López
|
0-0: Ball 1-0: Ball 2-0: Ball 3-0: Base on Balls
|
Batting: LHB Francisco Romo
|
0-0: Fly out, F9 (Flyball, 9LDF)
|
Pitching: RHP Gabriel Castillo
|
|
Batting: RHB Marvin Kidd
|
0-0: Ball 1-0: Called Strike 1-1: Foul Ball, location: 2F 1-2: Strikes out swinging
|
Batting: SHB Randy Anderson
|
Balk! Robinson López to second 0-0: Called Strike 0-1: Hit by Pitch
|
Batting: SHB Rob Lowe
|
0-0: Called Strike 0-1: Ball 1-1: Called Strike 1-2: Strikes out swinging
|
Top of the 8th over - 0 run(s), 0 hit(s), 0 error(s), 2 left on base; Montgomery 1 - Savannah 4 |
BOTTOM OF THE 8TH |
Savannah Hogs batting - Pitching for Montgomery Grey Sox : LHP Pete Shirley
|
Batting: SHB Juan Chávez
|
0-0: Ball 1-0: Foul Ball, location: 2F 1-1: Foul Ball, location: 2F 1-2: Strikes out swinging
|
Batting: RHB Luis González
|
0-0: Called Strike 0-1: Ball 1-1: Foul Ball, location: 2F 1-2: Foul Ball, location: 2F 1-2: Strikes out swinging
|
Batting: LHB Seth Sullivan
|
0-0: DOUBLE (Flyball, 78M)
|
Batting: RHB Guillermo González
|
0-0: Swinging Strike 0-1: Called Strike 0-2: Ball 1-2: Strikes out swinging
|
Bottom of the 8th over - 0 run(s), 1 hit(s), 0 error(s), 1 left on base; Montgomery 1 - Savannah 4 |
TOP OF THE 9TH |
Montgomery Grey Sox batting - Pitching for Savannah Hogs : RHP Gabriel Castillo
|
Pitching: LHP Brian Hodges
|
|
Batting: RHB Jon Bush
|
0-0: Ball 1-0: Ground out 6-3 (Groundball, 6)
|
Batting: LHB Aaron Thompson
|
0-0: Ball 1-0: Ball 2-0: DOUBLE (Line Drive, 5D)
|
Batting: LHB Amlak Saitoti
|
0-0: Called Strike 0-1: Fly out, F3 (Popup, 3L)
|
Batting: RHB Fred Moulds
|
0-0: Called Strike 0-1: DOUBLE (Line Drive, 9D) Aaron Thompson scores
|
Batting: LHB Robinson López
|
0-0: Called Strike 0-1: Ball 1-1: Ball 2-1: Ball 3-1: Base on Balls
|
Pinch Runner at 2nd Marcos Féliz:
|
|
Pinch Hitting: RHB Bobby Hulsey
|
0-0: Called Strike 0-1: Fly out, F9 (Flyball, 9)
|
Top of the 9th over - 1 run(s), 2 hit(s), 0 error(s), 2 left on base; Montgomery 2 - Savannah 4 |
|